 Dungeon Crawl Stone Soup version 0.28.0-43-g3370ac3207 (webtiles) character file.

Game seed: 6774517120495503215

56 nickcage the Poker (level 3, -4/29 HPs)
             Began as a Demonspawn Abyssal Knight on Mar 24, 2022.
             Was a Believer of Lugonu.
             Slain by Terence
             ... wielding a +2 short sword of protection
              (7 damage)
             ... on level 2 of the Dungeon.
             The game lasted 00:04:31 (1491 turns).

nickcage the Poker (Demonspawn Abyssal Knight)      Turns: 1491, Time: 00:04:32

Health: -4/29      AC:  4    Str: 15    XL:     3   Next: 71%
Magic:  4/4        EV: 11    Int: 13    God:    Lugonu [**....]
Gold:   41         SH:  0    Dex: 13    Spells: 2/2 levels left

rFire   . . .      SeeInvis .   j - +3 spear
rCold   . . .      Faith    .   (no shield)
rNeg    . . .      Spirit   .   b - +0 leather armour
rPois   .          Reflect  .   k - +0 helmet
rElec   .          Harm     .   (no cloak)
rCorr   .          Rampage  .   (no gloves)
Will    .....                   (no boots)
Stlth   +.........              (no amulet)
HPRegen 0.09/turn               (no ring)
MPRegen 0.09/turn               (no ring)

@: no status effects
A: big brain 1, demonic magic 1
a: Renounce Religion, Depart the Abyss, Bend Space


You were on level 2 of the Dungeon.
You worshipped Lugonu.
Lugonu was pleased with you.
You visited 1 branch of the dungeon, and saw 2 of its levels.
You visited the Abyss 1 time.

You collected 41 gold pieces.

Inventory:

Hand Weapons
 a - a +1 spear
 j - a +3 spear (weapon)
Missiles
 h - 3 boomerangs (quivered)
Armour
 b - a +0 leather armour (worn)
 k - a +0 helmet (worn)
Scrolls
 d - a scroll of fog {unknown}
 f - a scroll of holy word {unknown}
 g - a scroll of enchant weapon {unknown}
Potions
 c - a potion of flight {unknown}
 e - a potion of berserk rage {unknown}
 i - a potion of brilliance {unknown}


   Skills:
 - Level 3.0 Fighting
 + Level 3.7 Polearms
 - Level 1.7 Armour
 - Level 0.8 Dodging
 - Level 2.4 Invocations


You had 2 spell levels left.
You didn't know any spells.
Your spell library was empty.

Dungeon Overview and Level Annotations

Branches:
Dungeon (2/15)

Altars:

Annotations:
D:2 Terence


Innate Abilities, Weirdness & Mutations

You have an unusually large brain. (Int +2)
Spells you cast may paralyse adjacent enemies.


Message History

You hit Terence but do no damage. Terence closely misses you.
You hit Terence.
Terence is lightly wounded.
Terence hits you with a +2 short sword of protection!
You closely miss Terence.
Terence is lightly wounded.
Terence barely misses you.
You hit Terence but do no damage.
Terence is lightly wounded.
Terence hits you with a +2 short sword of protection.
You hit Terence.
Terence is moderately wounded.
Terence shouts, "Get ready for death!"
Terence completely misses you.
You hit Terence.
Terence is moderately wounded.
Terence hits you with a +2 short sword of protection!
You are too injured to fight recklessly!
You are too injured to fight recklessly!
You are too injured to fight recklessly!
You are too injured to fight recklessly!
You barely miss Terence.
Terence is moderately wounded.
Terence hits you with a +2 short sword of protection.
You hit Terence but do no damage.
Terence is moderately wounded.
Terence barely misses you.
You hit Terence but do no damage.
Terence is moderately wounded.
Terence closely misses you.
You hit Terence but do no damage.
Terence is moderately wounded.
Terence hits you with a +2 short sword of protection!
* * * LOW HITPOINT WARNING * * *
You barely miss Terence.
Terence is moderately wounded.
You hit Terence.
Terence is heavily wounded.
Terence hits you with a +2 short sword of protection!
You die...

#..<........+
#...........#
###...........#
#.'...........+
#.#...........#
#.#...........#
#.#...........#
#.#@..........#
#..@..........#+####
######..####............#
......>....'..........[.+
.######.####............#
#.# #............# #.#
#...P.)......# #.#
#...♣♣P......+ #.#
#..♣_..P.....# #.#
#.P.PP.......#


You could see Terence.

Vanquished Creatures
  Robin (D:2)
  A dart slug (D:1)
  3 ball pythons (D:1)
  5 bats (D:1)
  4 endoplasms (D:1)
  3 giant cockroaches (D:1)
  10 goblins
  3 hobgoblins
  A quokka (D:1)
  4 frilled lizards (D:1)
  2 kobolds (D:1)
  2 rats (D:1)
39 creatures vanquished.

Notes
Turn   | Place    | Note
-------+----------+-------------------------------------------
     0 | Abyss:1  | nickcage the Demonspawn Abyssal Knight began the quest for
                  | the Orb.
     0 | Abyss:1  | Reached XP level 1. HP: 18/18 MP: 2/2
     0 | D:1      | Escaped the Abyss
   330 | D:1      | Gained mutation: You have an unusually large brain. (Int
                  | +2) [demonic ancestry]
   330 | D:1      | Reached XP level 2. HP: 24/24 MP: 3/3
   448 | D:1      | Reached * piety under Lugonu
   849 | D:1      | Gained mutation: Spells you cast may paralyse adjacent
                  | enemies. [demonic ancestry]
   849 | D:1      | Reached XP level 3. HP: 28/29 MP: 4/4
  1068 | D:2      | Found a faded altar of an unknown god.
  1192 | D:2      | Noticed Robin
  1200 | D:2      | Killed Robin
  1200 | D:2      | Reached ** piety under Lugonu
  1207 | D:2      | Noticed Terence
  1491 | D:2      | Slain by Terence

Illustrated notes

Levels and vault maps discovered:
D:1:      lightli_arrival_flooded_house, layout_basic
D:2:      layout_basic, ebering_ecumenical_altar_petrified, basic_altar,
          uniq_terence, uniq_robin

Skill      XL: |  1  2 |
---------------+-------+-----
Polearms       | 2 3 |  3.7
Fighting       | |  3.0
Armour         | |  1.7
Dodging        | |  0.8
Invocations    | |  2.4

Action                   || total
-------------------------++-------
Melee: Spear             ||   123
Throw: Boomerang         ||     8
Invok: Depart the Abyss  ||     1
 Stab: Sleeping          ||     1
Armor: Leather armour    ||    21
Dodge: Dodged            ||    55
